 Dungeon Crawl Stone Soup version 0.23-a0-808-gd21de94 (webtiles) character file.

37 tidbits the Reanimator (level 3, 0/28 HPs)
             Began as a Gnoll Wanderer on Jan 20, 2019.
             Slain by a rat (3 damage)
             ... on level 3 of the Dungeon.
             The game lasted 00:05:27 (481 turns).

tidbits the Reanimator (Gnoll Wanderer)              Turns: 481, Time: 00:05:27

Health: 0/28       AC:  8    Str: 14    XL:     3   Next: 41%
Magic:  4/4        EV:  9    Int: 12    God:
Gold:   71         SH:  0    Dex: 17    Spells: 1/3 levels left

rFire    . . .     SeeInvis .   a - +0 spear
rCold    . . .     Gourm    .   (no shield)
rNeg     . . .     Faith    .   B - +0 scale mail (curse)
rPois    .         Spirit   .   (no helmet)
rElec    .         Reflect  .   C - +1 cloak {MR+}
rCorr    .         Harm     .   (no gloves)
MR       +....                  (no boots)
Stlth    +.........             (no amulet)
HPRegen  0.09/turn              (no ring)
MPRegen  0.09/turn              (no ring)

@: no status effects
A: distributed training, fangs 1, strong nose
a: no special abilities


You were on level 3 of the Dungeon.
You were not hungry.

You visited 1 branch of the dungeon, and saw 3 of its levels.

You collected 71 gold pieces.

Inventory:

Hand Weapons
 a - a +0 spear (weapon)
 b - a +0 dagger
Missiles
 c - 48 stones (quivered)
 o - 27 bolts
Armour
 d - a +0 robe
 B - a cursed +0 scale mail (worn)
 C - a +1 cloak of magic resistance (worn)
   (You found it on level 2 of the Dungeon)
Scrolls
 g - a scroll of noise {unknown}
 h - a scroll of enchant armour {unknown}
 j - 3 scrolls of identify {unknown}
 k - a scroll of teleportation {unknown}
 n - a scroll of remove curse {unknown}
Miscellaneous
 e - a box of beasts
Comestibles
 f - 2 rations


   Skills:
 + Level 2.6 Fighting
 + Level 0.7 Short Blades
 + Level 0.7 Long Blades
 + Level 0.7 Axes
 + Level 0.7 Maces & Flails
 + Level 4.5 Polearms
 + Level 0.7 Staves
 + Level 0.7 Slings
 + Level 0.7 Bows
 + Level 0.7 Crossbows
 + Level 0.7 Throwing
 + Level 0.7 Armour
 + Level 0.7 Dodging
 + Level 2.3 Stealth
 + Level 0.7 Shields
 + Level 0.7 Unarmed Combat
 + Level 0.7 Spellcasting
 + Level 0.5 Conjurations
 + Level 0.5 Hexes
 + Level 0.5 Charms
 + Level 0.5 Summonings
 + Level 8.7 Necromancy
 + Level 0.5 Translocations
 + Level 0.5 Transmutations
 + Level 0.5 Fire Magic
 + Level 0.5 Ice Magic
 + Level 0.5 Air Magic
 + Level 0.5 Earth Magic
 + Level 0.5 Poison Magic
 + Level 0.9 Invocations
 + Level 2.6 Evocations


You had one spell level left.
You knew the following spells:

 Your Spells              Type           Power        Failure   Level  Hunger
C - Corpse Rot            Necr           N/A          5%          2    ###....

Your spell library contained the following spells:

 Spells                   Type           Power        Failure   Level  Hunger
 Sublimation of Blood     Necr           ###.......   5%          2    ###....


Dungeon Overview and Level Annotations

Branches:
Dungeon (3/15)

Altars:
Elyvilon

Annotations:
D:3 Natasha


Innate Abilities, Weirdness & Mutations

Your experience applies equally to all skills.
You have very sharp teeth.
Your uncanny sense of smell can sniff out nearby items.


Message History

You hear the sound of rushing water.
There is an entrance to a sewer on this level.
Hurry and find it before the portal rusts away!
A kobold comes into view.
The kobold shouts!
There is a stone staircase leading up here.
Unknown command.
Unknown command.
Attack whom?
Press: ? - help, Dir - move target cursor, f - kobold
Aim: a kobold You reach to attack!
You hit the kobold but do no damage. You closely miss the kobold.
You hit the kobold.
You kill the kobold!
A rat comes into view.
Found a mace.
Unknown command.
Found 23 stones.
Found a scroll labeled APLIOBRUAC.
Natasha, Servant of Life and Death comes into view.
Natasha hisses angrily.
Natasha casts a spell at you. The magic dart hits you!
You puncture the rat!
You kill the rat!
Natasha howls an incantation.
You feel troubled.
Found 14 stones.
You hit Natasha.
Natasha is moderately wounded.
Natasha casts a spell.
It was a potion of flight.
You feel very buoyant.
You fly up into the air.
Natasha casts a spell at you. The magic dart hits you!
* * * LOW HITPOINT WARNING * * *
It was a potion of brilliance.
You feel clever all of a sudden. Natasha claws you.
* * * LOW HITPOINT WARNING * * *
The crimson imp hits you but does no damage.
It was a potion of curing.
You feel better.
A rat comes into view.
Natasha casts a spell at you. The magic dart hits you!
The crimson imp hits you but does no damage.
You hit Natasha but do no damage.
Natasha is moderately wounded.
Natasha casts a spell at you. The magic dart hits you!
You hit Natasha but do no damage.
Natasha is moderately wounded.
The crimson imp hits you but does no damage.
Natasha barely misses you.
You hit Natasha.
Natasha is heavily wounded.
The crimson imp blinks!
You hit Natasha.
Natasha is severely wounded.
Natasha claws you but does no damage.
You hit Natasha.
Natasha is almost dead.
Natasha claws you but does no damage.
You barely miss Natasha. You bite Natasha, but do no damage.
Natasha is almost dead.
Natasha claws you.
* * * LOW HITPOINT WARNING * * *
You hit Natasha but do no damage. Your bite misses Natasha.
Natasha is severely wounded.
Natasha claws you but does no damage. The rat closely misses you.
You hit Natasha but do no damage. You bite Natasha, but do no damage.
Natasha is severely wounded.
The crimson imp disappears in a puff of smoke!
Natasha claws you.
* * * LOW HITPOINT WARNING * * *
The rat barely misses you.
You miss Natasha.
Natasha is severely wounded.
Natasha casts a spell.
The rat barely misses you.
You completely miss Natasha.
Natasha is severely wounded.
Natasha casts a spell at you. The magic dart hits you!
Your scale mail prevents you from hitting Natasha.
Natasha is severely wounded.
The rat barely misses you. The white imp barely misses you. Natasha misses you.
You hit Natasha.
Natasha is almost dead.
The rat bites you but does no damage. The white imp hits you.
* * * LOW HITPOINT WARNING * * *
The white imp freezes you.
* * * LOW HITPOINT WARNING * * *
It was a potion of cancellation.
Your magical effects are unravelling.
You feel magically purged.
You float gracefully downwards.
You feel a little less clever now. Natasha misses you. The rat bites you.
You die...

##.##.#.## #...
#.#....# ###...
#......# #?.(.. ∆
###...## #..... #...#
...... #...#
..##)..### #...##...
.........####.........
.#...h@..............
...(..r5..............
..#.##................
#......####...##.#.#
####### #.........
......### #...#.#
...#.# ..


You could see Natasha, a white imp and a rat.

Vanquished Creatures
  A dart slug (D:1)
  2 leopard geckos (D:1)
  2 bats (D:1)
  3 giant cockroaches
  4 goblins
  2 hobgoblins
  5 jackals (D:1)
  3 frilled lizards
  5 kobolds
  3 rats
30 creatures vanquished.

Notes
Turn   | Place    | Note
-------+----------+-------------------------------------------
     0 | D:1      | tidbits the Gnoll Wanderer began the quest for the Orb.
     0 | D:1      | tidbits set off with the following items: a box of beasts,
                  | a +0 spear, a +0 robe, a ration; and the following spells
                  | available to memorise: Corpse Rot, Sublimation of Blood
     0 | D:1      | Reached XP level 1. HP: 17/17 MP: 2/2
   131 | D:1      | Reached XP level 2. HP: 11/23 MP: 3/3
   318 | D:1      | Reached XP level 3. HP: 14/28 MP: 4/4
   335 | D:1      | Learned a level 2 spell: Corpse Rot
   390 | D:2      | Found a white marble altar of Elyvilon.
   460 | D:3      | Noticed Natasha
   481 | D:3      | Slain by a rat

Vault maps used:
D:1:      dpeg_arrival_solitude, minmay_small_reverse_x
D:2:      elyvilon_altar_5
D:3:      marbit_many_paths, gup_sewer_entry_spiral, uniq_ijyb, uniq_robin,
          uniq_natasha

Action                   || total
-------------------------++-------
Melee: Spear             ||   111
       Bite              ||     7
Throw: Stone             ||     4
  Use: Potion            ||     4
Armor: Scale mail        ||    44
Dodge: Dodged            ||    46

Table legend:
 A = Non-vault XP
 B = Vault XP
 C = Vault XP percentage of total XP
 D = Non-vault monster count
 E = Vault monster count
 F = Vault count percentage of total count
                 A         B        C        D         E       F
            +---------+---------+-------+---------+---------+-------
      Total |      47 |       7 |  13.0 |      26 |       4 |  13.3
            +---------+---------+-------+---------+---------+-------
        D:1 |      28 |       7 |  20.0 |      14 |       4 |  22.2
        D:2 |      17 |       0 |   0.0 |      10 |       0 |   0.0
        D:3 |       2 |       0 |   0.0 |       2 |       0 |   0.0
            +---------+---------+-------+---------+---------+-------

Table legend:
 A = Turns spent in this place as a percentage of turns spent in the entire game.
 B = Non-inter-level travel turns spent in this place as a percentage of non-inter-level travel turns spent in the entire game.
 C = Inter-level travel turns spent in this place as a percentage of turns spent in this place.
 D = Turns resting spent in this place as a percentage of non-inter-level travel turns spent in this place.
 E = Turns spent auto-exploring this place as a percentage of non-inter-level travel turns spent in this place.
 F = Non-inter-level travel turns spent in this place divided by the number of levels of this place that you've seen.
                   A       B       C       D       E      F
               +-------+-------+-------+-------+-------+----------------------
         Total | 100.0 | 100.0 |   0.0 |   0.0 |   0.0 | 160.3
       Dungeon | 100.0 | 100.0 |   0.0 |   0.0 |   0.0 | 160.3
               +-------+-------+-------+-------+-------+----------------------

Table legend:
 A = Kills in this place as a percentage of kills in entire the game.
 B = Kills by you in this place as a percentage of kills by you in the entire game.
 C = Kills by friends in this place as a percentage of kills by friends in the entire game.
 D = Other kills in this place as a percentage of other kills in the entire game.
 E = Experience gained in this place as a percentage of experience gained in the entire game.
 F = Experience gained in this place divided by the number of levels of this place that you have seen.
                   A       B       C       D       E      F
               +-------+-------+-------+-------+-------+----------------------
         Total | 100.0 | 100.0 |   N/A |   N/A | 100.0 |  18.0
       Dungeon | 100.0 | 100.0 |   N/A |   N/A | 100.0 |  18.0
               +-------+-------+-------+-------+-------+----------------------

Vault maps used:
D:1:      dpeg_arrival_solitude, minmay_small_reverse_x
D:2:      elyvilon_altar_5
D:3:      marbit_many_paths, gup_sewer_entry_spiral, uniq_ijyb, uniq_robin,
          uniq_natasha
